 Dungeon Crawl Stone Soup version 0.30-b1-2-g02819fbbbe (webtiles) character file.

Game seed: 4749194870286466363

28 Alarkh the Insei (level 3, 29/29 HPs)
             Began as a Demonspawn Chaos Knight on May 20, 2023.
             Was a Plaything of Xom.
             Got out of the dungeon alive.
             The game lasted 00:00:57 (978 turns).

Alarkh the Insei (Demonspawn Chaos Knight)           Turns: 978, Time: 00:00:58

Health: 29/29      AC:  5    Str: 12    XL:     3   Next: 0%
Magic:  3/3        EV: 11    Int: 15    God:    Xom [..*...]
Gold:   18         SH:  4    Dex: 12    Spells: 2/2 levels left

rFire   . .          .
                       - Unarmed
rCold   . . .        (no shield)
rNeg    . . .        a - +2 leather armour
rPois   .            (no helmet)
rElec   .            (no cloak)
rCorr   .            (no gloves)
SInv    .            (no boots)
Will    .....        (no amulet)
Stlth   +            (no ring)
HPRegen 0.24/turn    (no ring)
MPRegen 0.08/turn

%: no passive effects
@: no status effects
A: condensation shield, demonic magic 1
a: Renounce Religion


You escaped.
You worshipped Xom.
You were a toy of Xom.
You visited 1 branch of the dungeon, and saw 2 of its levels.

You collected 18 gold pieces.

Inventory:

Armour
 a - a +2 leather armour (worn)
Wands
 i - a wand of charming (3)
Scrolls
 d - a scroll of torment {unknown}
 g - 3 scrolls of identify {unknown}
 h - a scroll of enchant armour {unknown}
 j - a scroll of amnesia {unknown}
Potions
 c - a potion of invisibility {unknown}
 e - a potion of brilliance {unknown}
 f - a potion of curing {unknown}
 k - a potion of berserk rage {unknown}
Miscellaneous
 b - a piece from Xom's chessboard (15/15) (quivered)


   Skills:
 + Level 3.3 Fighting
 - Level 1.7 Armour
 - Level 0.8 Dodging
 * Level 3.5 Unarmed Combat


You had 2 spell levels left.
You didn't know any spells.
Your spell library was empty.

Dungeon Overview and Level Annotations

Branches:
Dungeon (2/15)

Altars:

Shops:
D:1 :


Innate Abilities, Weirdness & Mutations

A meltable shield of frost defends you. (SH +4)
Spells you cast may paralyse adjacent enemies.


Message History

The hobgoblin hits you but does no damage.
You hit the hobgoblin but do no damage. The bat barely misses you.
The hobgoblin barely misses you.
You miss the bat. The bat barely misses you.
The hobgoblin hits you but does no damage.
You barely miss the bat. The bat barely misses you.
The hobgoblin closely misses you.
You hit the hobgoblin.
The hobgoblin is moderately wounded.
The bat hits you but does no damage. The hobgoblin barely misses you.
You hit the hobgoblin but do no damage.
The hobgoblin is moderately wounded.
The bat closely misses you. The hobgoblin hits you.
You closely miss the hobgoblin.
The hobgoblin is moderately wounded.
The bat hits you. The hobgoblin closely misses you.
You hit the hobgoblin.
The hobgoblin is heavily wounded.
The bat closely misses you. The hobgoblin hits you.
You hit the hobgoblin.
You kill the hobgoblin!
The bat hits you but does no damage.
You miss the bat. The bat hits you but does no damage.
The bat barely misses you. The bat barely misses you.
The bat closely misses you.
You hit the bat.
You kill the bat!
You have reached level 3!
Your experience leads to an increase in your attributes!
Increase (S)trength, (I)ntelligence, or (D)exterity?
You feel clever. x2; Your demonic ancestry asserts itself...
Frost condenses into a shield before you.
Xom is amused.
There is a stone staircase leading up here.
You climb upwards.
There is a stone staircase leading down here.
There is an open door here.
There is a staircase leading out of the dungeon here.
Are you sure you want to leave the Dungeon?
This will make you lose the game!
You have escaped!

#.##...............#.# #.#
#.##.#############.#.# #.#
#.##.#...........#.#.# #.#
#.##.#.####.####.#...# #.#
#....#.#.......#.#.### #.#
####.#.#.#####.#.#.# #.# ##
#.#.#.#...#.#.#.# #.# .#
#.#.#.#...#.#.#.# #.# .##
#.'.#.#.@...#.'.# #.# ..#
#.#.#.#...#.#.#.# #.# ..#
#.#.#.#...#.#.#.# #[# #.#
#.#.#.#####.#.#.#### #.# #.###
###.#.#..)....#.#....###.#
#...###...#.####.####.#.##.....#
#.#.##..#.#...........#.######.#
#....#..#.#############.# #.#
###..#.>#...............# #.#


There were no monsters in sight!

Vanquished Creatures
  2 dart slugs
  2 bats (D:2)
  4 goblins (D:1)
  2 hobgoblins
  3 jackals (D:1)
  4 quokkas
  2 frilled lizards
  2 kobolds (D:1)
  2 rats (D:1)
23 creatures vanquished.

Notes
Turn   | Place    | Note
-------+----------+-------------------------------------------
     0 | D:1      | Alarkh the Demonspawn Chaos Knight began the quest for the
                  | Orb.
     0 | D:1      | Reached XP level 1. HP: 18/18 MP: 1/1
   232 | D:1      | XOM: silly message
   244 | D:1      | XOM: cloud trail
   310 | D:1      | Gained mutation: Spells you cast may paralyse adjacent
                  | enemies. [demonic ancestry]
   310 | D:1      | Reached XP level 2. HP: 11/24 MP: 2/2
   317 | D:1      | XOM: polymorph jackal -> kobold
   333 | D:1      | XOM: scenery: 3 doors open
   396 | D:1      | XOM: god gift: ivory wand {god gift}
   479 | D:1      | XOM: fog
   501 | D:1      | Found Doewoylu's Book Shop.
   571 | D:1      | XOM: god gift: scroll labelled ROF CUOPUTH {god gift}
   890 | D:2      | Gained mutation: A meltable shield of frost defends you.
                  | (SH +4) [demonic ancestry]
   890 | D:2      | Reached XP level 3. HP: 23/29 MP: 3/3
   978 | D:$      | Got out of the dungeon alive.

Illustrated notes

Levels and vault maps discovered:
D:1:      matt_arrival_refuge, layout_basic, serial_shops, shop
D:2:      layout_basic, serial_shops, shop, nrook_mini_vaults

Skill      XL: |  1 |
---------------+----+-----
Unarmed Combat | 3 |  3.5
Fighting       | |  3.3
Armour         | |  1.7
Dodging        | |  0.8

Action                     || total
---------------------------++-------
  Melee: Unarmed           ||   100
         Punch             ||     3
    Use: Scroll            ||     1
 Armour: Leather armour    ||    43
  Dodge: Dodged            ||    91
